 Dungeon Crawl Stone Soup version 0.31-a0-986-g5e6e4ef867 (webtiles) character file.

Game seed: 15480085811169545820

208 wildpjah the Sneak (level 5, 0/26 HPs)
             Began as a Vine Stalker Brigand on Nov 25, 2023.
             Was an Initiate of Dithmenos.
             Splashed by a jelly's acid (7 damage)
             ... on level 6 of the Dungeon.
             The game lasted 00:04:26 (1535 turns).

wildpjah the Sneak (Vine Stalker Brigand)           Turns: 1535, Time: 00:04:27

Health: 0/26       AC: -12   Str: 14    XL:     5   Next: 86%
Magic:  0/6        EV: 12    Int: 11    God:    Dithmenos [......]
Gold:   136        SH:  0    Dex: 17    Spells: 4/4 levels left

rFire   . . .        a - +2 dagger
rCold   . . .        (no shield)
rNeg    . . .        s - +0 robe of the Snail {rPois}
rPois   +            (no helmet)
rElec   .            c - +0 cloak
rCorr   .            (no gloves)
SInv    .            (no boots)
Will    .....        k - amulet of regeneration
Stlth   +++          (no ring)
HPRegen 1.84/turn    (no ring)
MPRegen 0.10/turn

%: guardian spirit
@: corroded
A: fangs 2, regeneration 1, magic shield, antimagic bite, no potion heal 2
a: Renounce Religion


You were on level 6 of the Dungeon.
You worshipped Dithmenos.
Dithmenos was noncommittal.
You visited 2 branches of the dungeon, and saw 5 of its levels.

You collected 136 gold pieces.

Inventory:

Hand Weapons
 a - a +2 dagger (weapon)
Missiles
 d - 13 poisoned darts (quivered)
 e - 3 curare-tipped darts
Armour
 c - a +0 cloak (worn)
 s - the +0 robe of the Snail (worn) {rPois}
   (You found it on level 6 of the Dungeon)

   rPois:     It protects you from poison
Jewellery
 k - an amulet of regeneration (around neck)
Wands
 n - a wand of roots (9)
 r - a wand of digging (6)
Scrolls
 f - 3 scrolls of identify {unknown}
 g - 3 scrolls of teleportation {unknown}
 i - a scroll of vulnerability {unknown}
 q - a scroll of immolation {unknown}
Potions
 h - a potion of attraction {unknown}
 j - a potion of invisibility {unknown}
 l - a potion of brilliance {unknown}
 m - a potion of curing {unknown}
 o - a potion of heal wounds {unknown}
 p - a potion of haste {unknown}


   Skills:
 + Level 2.1 Fighting
 + Level 2.6 Short Blades
 + Level 1.8 Throwing
 * Level 1.5 Armour
 * Level 2.2 Dodging
 + Level 6.4 Stealth


You had 4 spell levels left.
You didn't know any spells.
Your spell library contained the following spells:

 Spells                   Type           Power      Damage    Failure   Level
 Static Discharge         Conj/Air       0%         3-3/arc   47%         2
 Airstrike                Air            0%         2d(0-16)  98%         4
 Summon Lightning Spire   Summ/Air       0%         N/A       98%         4


Dungeon Overview and Level Annotations

Branches:
Dungeon (6/15)             Temple (1/1) D:6

Altars:
Cheibriados
Dithmenos
Elyvilon
Fedhas
Gozag
Hepliaklqana
Kikubaaqudgha
Qazlal
Trog
Uskayaw
Yredelemnul
Zin


Innate Abilities, Weirdness & Mutations

You have extremely sharp teeth.
Your natural rate of healing is unusually fast.
When hurt, damage is shared between your health and your magic reserves.
Your bite disrupts and absorbs the magic of your enemies.
Potions cannot restore your health.


Message History

The jelly closely misses you.
You hit the jelly but do no damage.
Your hands burn!
You bite the jelly. You drain its power.
You feel invigorated.
The jelly is heavily wounded.
The jelly barely misses you.
You hit the jelly but do no damage.
Your hands burn!
The jelly is heavily wounded.
The jelly hits you.
You are splashed with acid!
* * * LOW HITPOINT WARNING * * *
The jelly jiggles.
The jelly attacks as it pursues you! The jelly hits you.
You are splashed with acid!
You hit the jelly.
Your hands burn!
You bite the jelly, but do no damage.
The jelly is heavily wounded.
The jelly misses you.
You hit the jelly.
Your hands burn!
The jelly is severely wounded.
The jelly hits you.
You are splashed with acid!
* * * LOW HITPOINT WARNING * * *
The jelly attacks as it pursues you! The jelly hits you. The acid corrodes you!
You are splashed with acid!
* * * LOW HITPOINT WARNING * * *
A white imp comes into view.
Found a crooked gold wand.
Found 4 stones.
The white imp shouts, "Bolt, thou spongy mumble-news buzzard-bait!"
Found 5 gold pieces.
The white imp hits you. The white imp freezes you.
* * * LOW HITPOINT WARNING * * *
Throw: 14 darts (poison)
Press: ? - help, Q - select action, (/) - cycle Shift-Dir - straight line, f - jelly
Aim: a jelly (heavily wounded, 89% to hit)
You throw a poisoned dart. The poisoned dart hits the jelly.
The jelly is heavily wounded.
Unknown command.
You completely miss the jelly. You punch the jelly, but do no damage.
The jelly is heavily wounded.
The jelly hits you.
* * * LOW HITPOINT WARNING * * *
You are splashed with acid!
You die...

.##...........#
<##.########### # .##.#
.##### .##.# ###......
5##.# #(./.....
.##5############.#.....
.##.##.......5.55..#
.......#########J#.#
######## #@# #.# #.#
$.# ###


You could see a jelly, a white imp and an ufetubus.

Vanquished Creatures
  A water moccasin (D:6)
  An iguana (D:6)
  An adder (D:2)
  An ufetubus (D:6)
  A worm (D:2)
  4 dart slugs
  4 ball pythons
  2 endoplasms
  2 giant cockroaches
  5 goblins
  6 hobgoblins
  4 jackals
  2 quokkas
  6 bats
  3 frilled lizards
  4 kobolds
  6 rats
53 creatures vanquished.

Vanquished Creatures (others)
  An ufetubus (D:6)
1 creature vanquished.

Grand Total: 54 creatures vanquished

Notes
Turn   | Place    | Note
-------+----------+-------------------------------------------
     0 | D:1      | wildpjah the Vine Stalker Brigand began the quest for the
                  | Orb.
     0 | D:1      | Reached XP level 1. HP: 11/11 MP: 2/2
    47 | D:1      | Reached skill level 5 in Stealth
    50 | D:1      | Reached skill level 1 in Dodging
    50 | D:1      | Reached XP level 2. HP: 15/15 MP: 3/3
   304 | D:1      | Reached XP level 3. HP: 15/18 MP: 4/4
  1004 | D:2      | Reached XP level 4. HP: 23/23 MP: 5/5
  1036 | D:2      | Reached skill level 1 in Armour
  1247 | D:3      | You fall into a shaft and drop 3 floors!
  1247 | D:6      | Found a stormy altar of Qazlal.
  1248 | D:6      | Noticed a water moccasin
  1268 | D:6      | Killed a water moccasin
  1269 | D:6      | Reached skill level 6 in Stealth
  1269 | D:6      | Reached XP level 5. HP: 8/26 MP: 1/6
  1373 | D:6      | Identified the +0 robe of the Snail {rPois}
  1433 | D:6      | Found a staircase to the Ecumenical Temple.
  1447 | Temple   | Entered the Ecumenical Temple
  1460 | Temple   | Became a worshipper of Dithmenos the Shadowed
  1528 | D:6      | HP: 1/26 [acid (8)]
  1535 | D:6      | Splashed by a jelly's acid

Illustrated notes

Levels and vault maps discovered:
D:1:      eino_arrival_cavern_c, layout_rooms
D:2:      kb_forest_paths, layout_basic
D:3:      layout_basic, okawaru_gym_becter,
          nicolae_concentric_dashed_squares_wild
D:6:      layout_loops_ring, nicolae_qazlal_general_emergency,
          minmay_temple_entry_drinking_statues, mrwooster_statue_mirror,
          chequers_jeans, lemuel_flamethrower_2
Temple:   nicolae_temple_ecumenical_triangle

Skill      XL: |  1  2  3  4 |
---------------+-------------+-----
Stealth        | 5 6 |  6.4
Dodging        | 1 2 |  2.2
Short Blades   | 2 |  2.6
Armour         | 1 |  1.5
Fighting       | 2 |  2.1
Throwing       | |  1.8

Action                     |  1- 3 |  4- 6 || total
---------------------------+-------+-------++-------
  Melee: Dagger            |   102 |    63 ||   165
         Bite              |    24 |    19 ||    43
         Punch             |       |     1 ||     1
  Throw: Dart              |       |     1 ||     1
    Use: Potion            |       |     1 ||     1
   Stab: Sleeping          |    11 |     2 ||    13
 Armour: Robe              |    37 |    51 ||    88
  Dodge: Dodged            |    53 |    56 ||   109

Table legend: (Time is in decaauts)
 A = Elapsed time spent in this place.
 B = Non-inter-level travel time spent in this place.
 C = Inter-level travel time spent in this place.
 D = Time resting spent in this place.
 E = Time spent auto-exploring this place.
 F = Levels seen in this place.
 G = Mean time per level.
                   A        B        C        D        E       F      G
               +--------+--------+--------+--------+--------+-----+--------+
         Total |   1516 |   1416 |    100 |      0 |    854 |   5 |  303.2 |
       Dungeon |   1489 |   1401 |     88 |      0 |    854 |   4 |  372.2 |
        Temple |     26 |     14 |     12 |      0 |      0 |   1 |   26.0 |
               +--------+--------+--------+--------+--------+-----+--------+

Top non-repeatable levels by time:
     D:2: 592 daAuts
     D:1: 579 daAuts
     D:6: 254 daAuts
     D:3: 63 daAuts
  Temple: 26 daAuts
